 Dungeon Crawl Stone Soup version 0.27-a0-242-ge0fc76b88b (webtiles) character file.

Game seed: 860819111292048683

86 Borgoz the Slasher (level 4, -5/37 HPs)
             Began as a Ghoul Gladiator on Feb 2, 2021.
             Was an Initiate of Ashenzari.
             Slain by a gnoll
             ... wielding a +0 spear
              (9 damage)
             ... on level 2 of the Dungeon.
             The game lasted 00:01:28 (2416 turns).

Borgoz the Slasher (Ghoul Gladiator)                Turns: 2416, Time: 00:01:29

Health: -5/37      AC:  4    Str: 17    XL:     4   Next: 50%
Magic:  3/3        EV: 13    Int:  3    God:    Ashenzari [......]
Gold:   92         SH:  0    Dex: 11    Spells: 3/3 levels left

rFire    + . .     SeeInvis .   a - +0 long sword
rCold    + + .     Faith    .   (no shield)
rNeg     + + +     Spirit   .   b - +0 leather armour
rPois    ∞         Reflect  .   c - +0 helmet
rElec    +         Harm     .   (no cloak)
rCorr    +         Rampage  .   (no gloves)
Will     .....                  (no boots)
Stlth    +.........             (no amulet)
HPRegen  0.00/turn              (no ring)
MPRegen  0.08/turn              (no ring)

@: resistant
A: claws 1, cold resistance 1, negative energy resistance 3, inhibited
regeneration, torment resistance, unbreathing
a: Renounce Religion, Curse Item


You were on level 2 of the Dungeon.
You worshipped Ashenzari.
Ashenzari was noncommittal.
You visited 1 branch of the dungeon, and saw 2 of its levels.

You collected 92 gold pieces.

Inventory:

Hand Weapons
 a - a +0 long sword (weapon)
Missiles
 d - 3 throwing nets (quivered)
Armour
 b - a +0 leather armour (worn)
 c - a +0 helmet (worn)
Wands
 l - a wand of paralysis (9)
Scrolls
 e - a scroll of enchant weapon {unknown}
 f - 6 scrolls of identify {unknown}
 g - a scroll of teleportation {unknown}
 h - a scroll of fog {unknown}
 k - 2 scrolls of remove curse
 t - a scroll of magic mapping {unknown}
Potions
 i - a potion of flight {unknown}
 j - a potion of lignification {unknown}
 n - a potion of mutation {unknown}
 o - a potion of curing {unknown}
 q - a potion of degeneration {unknown}
 r - a potion of brilliance {unknown}


   Skills:
 + Level 2.7 Fighting
 * Level 3.5 Long Blades
 - Level 1.7 Throwing
 + Level 1.3 Armour
 * Level 3.4 Dodging


You had 3 spell levels left.
You didn't know any spells.
Your spell library was empty.

Dungeon Overview and Level Annotations

Branches:
Dungeon (2/15)

Altars:
Ashenzari
Okawaru
Uskayaw

Annotations:
D:2 1 runed translucent door, Crazy Yiuf


Innate Abilities, Weirdness & Mutations

You thrive by killing the living.
You are immune to poison.
You have sharp fingernails.
Your flesh is cold resistant. (rC+)
You are immune to negative energy. (rN+++)
You do not regenerate when monsters are visible.
You are immune to unholy pain and torment.
You can survive without breathing.


Message History

You fade into invisibility!
The gnoll hits you with a +0 flail. The gnoll barely misses you.
The gnoll hits you!
* * * LOW HITPOINT WARNING * * *
You are very lightly contaminated with residual magic.
It was a potion of cancellation.
Your magical effects are unravelling.
You feel magically purged.
Your magical contamination has completely faded away.
You flicker back into view.
The gnoll misses you.
The gnoll hits you from afar with a +0 spear.
* * * LOW HITPOINT WARNING * * *
The gnoll hits you but does no damage.
It was a potion of resistance.
You feel protected. The gnoll closely misses you.
You riposte.
You hit the gnoll.
The gnoll is severely wounded.
The gnoll hits you from afar with a +0 spear!
You die...

♣...# #.# .# .♣..## #.#
#.# ♣.♣..###'## #.#
.♣...##...## #..
♣..........## #.###
....#.......## #.#.##
..#..........###....##.#
.............'.........#
####..(......###@g..###
# ##.......## #g#.##
##.....## #g# # ##...##
.K. ##'## ... #### #.#
#...# ...# #.# ###.#
##.# ##.## .# ##.# #...#


You could see 3 gnolls and a kobold.

Vanquished Creatures
  3 adders (D:2)
  An ooze (D:1)
  A worm (D:2)
  A dart slug (D:1)
  A leopard gecko (D:2)
  4 bats
  2 giant cockroaches (D:2)
  5 hobgoblins
  2 jackals (D:2)
  A quokka (D:2)
  3 ball pythons
  2 frilled lizards
  6 goblins
  9 kobolds
  9 rats
50 creatures vanquished.

Notes
Turn   | Place    | Note
-------+----------+-------------------------------------------
     0 | D:1      | Borgoz the Ghoul Gladiator began the quest for the Orb.
     0 | D:1      | Reached XP level 1. HP: 17/17 MP: 0/0
   302 | D:1      | Reached XP level 2. HP: 23/25 MP: 1/1
   922 | D:1      | Reached XP level 3. HP: 21/30 MP: 2/2
  1184 | D:2      | Found an iron altar of Okawaru.
  1195 | D:2      | Reached skill level 1 in Armour
  1552 | D:2      | Found a broken altar of Ashenzari.
  1565 | D:2      | Became a worshipper of Ashenzari the Shackled
  1571 | D:2      | Reached XP level 4. HP: 26/37 MP: 3/3
  1812 | D:2      | Found a hide-covered altar of Uskayaw.
  1994 | D:2      | Found a runed translucent door.
  1995 | D:2      | Noticed Crazy Yiuf
  2416 | D:2      | Slain by a gnoll

Illustrated notes

Levels and vault maps discovered:
D:1:      nicolae_arrival_washed_ashore, layout_basic, serial_glass,
          glass_columns_a, glass_columns_b, glass_columns_a, glass_columns_c,
          glass_columns_a, glass_columns_c, glass_columns_c, glass_columns_a,
          glass_columns_b, glass_columns_b, glass_columns_a, glass_columns_a,
          glass_columns_a, glass_columns_a, item_on_display_a,
          due_unseen_surprise, feat_on_display
D:2:      layout_loops_corners, eat_drink_and_be_merry_uskayaw, okawaru_trees_2,
          evilmike_ruin_ashenzari, uniq_crazy_yiuf_cottage

Skill      XL: |  1  2  3 |
---------------+----------+-----
Long Blades    | 3 |  3.5
Dodging        | 3 |  3.4
Armour         | 1 |  1.3
Fighting       | |  2.7
Throwing       | |  1.7

Action                   |  1- 3 |  4- 6 || total
-------------------------+-------+-------++-------
Melee: Long sword        |    86 |    56 ||   142
  Use: Potion            |       |     3 ||     3
Armor: Leather armour    |    49 |    21 ||    70
Dodge: Dodged            |    61 |    50 ||   111
       Rpst.: Long sword |    19 |     6 ||    25

Table legend: (Time is in decaauts)
 A = Elapsed time spent in this place.
 B = Non-inter-level travel time spent in this place.
 C = Inter-level travel time spent in this place.
 D = Time resting spent in this place.
 E = Time spent auto-exploring this place.
 F = Levels seen in this place.
 G = Mean time per level.
                   A        B        C        D        E       F      G
               +--------+--------+--------+--------+--------+-----+--------+
         Total |   2449 |   2417 |     32 |    226 |   1863 |   2 | 1224.5 |
       Dungeon |   2449 |   2417 |     32 |    226 |   1863 |   2 | 1224.5 |
               +--------+--------+--------+--------+--------+-----+--------+

Top non-repeatable levels by time:
     D:2: 1251 daAuts
     D:1: 1197 daAuts
